 Dungeon Crawl Stone Soup version 0.22-a0-443-g17c3723 (webtiles) character file.

90 Gorglomux the Chopper (level 4, 0/28 HPs)
             Began as a Gargoyle Fighter on June 1, 2018.
             Was an Initiate of Okawaru.
             Slain by Robin
             ... wielding a +0 trident
              (5 damage)
             ... on level 3 of the Dungeon.
             The game lasted 00:00:46 (1186 turns).

Gorglomux the Chopper (Gargoyle Fighter)            Turns: 1186, Time: 00:00:47

Health: 0/28       AC: 10    Str: 20    XL:     4   Next: 56%
Magic:  0/4        EV:  7    Int:  9    God:    Okawaru [......]
Gold:   103        SH:  9    Dex:  9    Spells: 3/3 levels left

rFire    . . .     SeeInvis .   a - +0 war axe
rCold    . . .     Gourm    .   c - +0 shield
rNeg     + . .     Faith    .   b - +0 scale mail
rPois    ∞         Spirit   +   (no helmet)
rElec    +         Reflect  .   v - scarf {cloud immunity}
rCorr    .         Harm     .   (no gloves)
MR       +....                  (no boots)
Stlth    ..........             k - amulet of guardian spirit
HPRegen  0.09/turn              m - ring of protection from magic
MPRegen  0.09/turn              (no ring)

@: no status effects
A: negative energy resistance 1, electricity resistance, unbreathing,
petrification resistance, rot immunity, AC +3
a: Renounce Religion


You were on level 3 of the Dungeon.
You worshipped Okawaru.
Okawaru was noncommittal.
You were not hungry.

You visited 1 branch of the dungeon, and saw 3 of its levels.

You collected 103 gold pieces.

Inventory:

Hand Weapons
 a - a +0 war axe (weapon)
Missiles
 Z - a throwing net (quivered)
Armour
 b - a +0 scale mail (worn)
 c - a +0 shield (worn)
 v - a scarf of cloud immunity (worn)
Jewellery
 k - an amulet of guardian spirit (around neck)
 m - a ring of protection from magic (left hand)
 r - an uncursed ring of protection from fire {unknown}
Scrolls
 g - 3 scrolls of identify {unknown}
 l - a scroll of magic mapping {unknown}
 n - 2 scrolls of teleportation {unknown}
 p - a scroll of amnesia {unknown}
 t - 2 scrolls of remove curse {unknown}
 u - a scroll of fear {unknown}
 w - a scroll of random uselessness {unknown}
 x - a scroll of enchant armour {unknown}
Potions
 d - 3 potions of might
 j - 2 potions of mutation {unknown}
 o - a potion of lignification {unknown}
 q - 2 potions of haste {unknown}
 s - 4 potions of curing {unknown}
 Y - a potion of brilliance {unknown}
Comestibles
 f - 4 rations
 X - 8 chunks of flesh


   Skills:
 - Level 3.2 Fighting
 + Level 4.2 Axes
 - Level 3.2 Armour
 - Level 3.2 Shields


You had 3 spell levels left.
You didn't know any spells.
Your spell library contained the following spells:

 Spells                   Type           Power        Failure   Level  Hunger
 Confuse                  Hex            #.......     100%        3    ####...
 Confusing Touch          Hex            #.....       99%         1    ##.....
 Metabolic Englaciation   Hex/Ice        #.........   100%        5    ######.
 Petrify                  Tmut/Erth      #.......     100%        4    #####..
 Gell's Gravitas          Tloc           #.........   100%        3    ####...
 Yara's Violent Unravell  Hex/Tmut       #.........   100%        5    ######.


Dungeon Overview and Level Annotations

Branches:
Dungeon (3/15)

Altars:
Okawaru

Annotations:
D:3 Robin


Innate Abilities, Weirdness & Mutations

You are resistant to torment.
Your stone body is resilient. (AC +3)
You are immune to poison.
You resist negative energy. (rN+)
You are resistant to electric shocks. (rElec)
You can survive without breathing.
You are immune to petrification.
You are immune to rotting.


Message History

Butt's shield prevents you from hitting Robin!
Butt is heavily wounded!
Robin hits you with a trident!
You cut Robin but do no damage!
Robin is heavily wounded!
You block Robin's attack!
You barely miss Robin!
Robin is heavily wounded!
You block Robin's attack!
You slice Robin but butt no damage!
Butt is heavily wounded!
Robin hits you with a trident! You block Robin's attack!
Butt's shield and scale mail prevent butt from hitting Robin!
Robin is heavily wounded!
Robin hits you with a trident! * * * don't die
* * * Your shield and scale mail prevent you from hitting Robin!
Robin is heavily wounded!
Robin hits you with a trident! rip

#.# #.# # #.# . #. #.#
..##.# #.# #####
......########.# ....
.......)†)...#.# #...
......g@)†...#.#### #...
..##.#.)))........###...
#..................
#............###...
#............# #...
#............######
....................
....................
..######....<.##...#


You could see Robin.

Vanquished Creatures
  An adder (D:3)
  A gnoll (D:2)
  A dart slug (D:2)
  A leopard gecko (D:1)
  An orc (D:2)
  A ball python (D:1)
  A giant cockroach (D:1)
  19 goblins
  7 hobgoblins
  6 jackals
  4 kobolds
  A quokka (D:2)
  6 bats
  2 frilled lizards (D:1)
  6 rats
58 creatures vanquished.

Notes
Turn   | Place    | Note
-------+----------+-------------------------------------------
     0 | D:1      | Gorglomux the Gargoyle Fighter began the quest for the Orb.
     0 | D:1      | Reached XP level 1. HP: 14/14 MP: 1/1
    15 | D:1      | Reached skill level 2 in Axes
    38 | D:1      | Reached XP level 2. HP: 15/19 MP: 2/2
   287 | D:1      | Reached skill level 3 in Axes
   332 | D:1      | Reached XP level 3. HP: 22/23 MP: 3/3
   790 | D:2      | Found an iron altar of Okawaru.
   806 | D:2      | Became a worshipper of Warmaster Okawaru
  1099 | D:3      | Reached XP level 4. HP: 24/28 MP: 4/4
  1157 | D:3      | Reached skill level 4 in Axes
  1166 | D:3      | Noticed Robin
  1186 | D:3      | Slain by Robin

Vault maps used:
D:1:      erik_arrival_blinker_ship
D:2:      okawaru_altar_gauntlet_db, makhleb_altar_promises_db,
          lemuel_coloured_pillars_altar, serial_bayou_pond_a, elyvilon_altar_3
D:3:      cheibrodos_helix_gallery, chequers_ecumenical_altar_island,
          uniq_jessica, uniq_robin

Skill      XL: |  1  2  3  4 |
---------------+-------------+-----
Axes           | 2 3 4 |  4.2
Fighting       | |  3.2
Armour         | |  3.2
Shields        | |  3.2

Action                   |  1- 3 |  4- 6 || total
-------------------------+-------+-------++-------
Melee: War axe           |   118 |    39 ||   157
  Eat: Chunk             |     1 |       ||     1
Armor: Scale mail        |    73 |    29 ||   102
Dodge: Dodged            |    53 |    21 ||    74
Block: Shield            |    74 |    29 ||   103

Table legend:
 A = Spawn XP
 B = Non-spawn XP
 C = Spawn XP percentage of total XP
 D = Spawn monster count
 E = Non-spawn monster count
 F = Spawn count percentage of total count
 G = Total turns spent on level
                    A         B        C        D         E        F      G
               +---------+---------+-------+---------+---------+-------+---------
         Total |       0 |     129 |   0.0 |       0 |      58 |   0.0 |  1186
               +---------+---------+-------+---------+---------+-------+---------
           D:1 |       0 |      34 |   0.0 |       0 |      20 |   0.0 |   499
           D:2 |       0 |      45 |   0.0 |       0 |      18 |   0.0 |   595
           D:3 |       0 |      50 |   0.0 |       0 |      20 |   0.0 |    92
               +---------+---------+-------+---------+---------+-------+---------
